 Dungeon Crawl Stone Soup version 0.30-a0-1008-g30c9307041 (webtiles) character file.

Game seed: 1357636296448520676

1009 mandoloar the Insei (level 8, -4/64 HPs)
             Began as an Octopode Transmuter on Apr 5, 2023.
             Was an Initiate of Cheibriados.
             Slain by a killer bee (7 damage)
             ... on level 5 of the Dungeon.
             The game lasted 00:17:25 (6741 turns).

mandoloar the Insei (Octopode Transmuter)           Turns: 6741, Time: 00:17:25

Health: -4/64      AC: 10    Str: 11    XL:     8   Next: 21%
Magic:  0/13       EV: 11    Int: 18    God:    Cheibriados [......]
Gold:   131        SH:  0    Dex: 13    Spells: 7/14 levels left

rFire   x . .      SeeInvis .      - Unarmed
rCold   + + +      Faith    .    (shield currently unavailable)
rNeg    . . .      Spirit   +    (helmet currently unavailable)
rPois   +          Reflect  .    n - amulet of guardian spirit
rElec   .          Rampage  .    k - +4 ring of protection
rCorr   .                        (no ring)
Will    .....                    (no ring)
Stlth   +                        (no ring)
HPRegen 0.30/turn                (no ring)
MPRegen 0.13/turn                (no ring)
                                 (no ring)
                                 (no ring)

@: lethally poisoned (-4 -> -13), ice-form, wereblooded, very slow
A: freezing attack, boosted hp, almost no armour, amphibious, 8 rings, large,
(camouflage 1), (gelatinous body 1), (nimble swimmer 1), (tentacles)
a: End Transformation, Renounce Religion


You were on level 5 of the Dungeon.
You worshipped Cheibriados.
Cheibriados was noncommittal.
You were a creature of crystalline ice.
You visited 2 branches of the dungeon, and saw 6 of its levels.

You collected 131 gold pieces.

Inventory:

Missiles
 e - 11 poisoned darts
 f - 25 stones
 p - 5 boomerangs
Jewellery
 k - a +4 ring of protection (left front paw)
 n - an amulet of guardian spirit (around neck)
Wands
 j - a wand of roots (13)
Scrolls
 b - 3 scrolls of teleportation
 h - a scroll of magic mapping
 l - a scroll of amnesia
 o - 2 scrolls of blinking
Potions
 a - a potion of lignification
 c - 2 potions of haste
 d - 3 potions of curing
 i - 2 potions of berserk rage
 m - a potion of flight {unknown}


   Skills:
 + Level 3.7 Fighting
 + Level 4.2 Dodging
 + Level 4.9 Unarmed Combat
 + Level 3.9 Spellcasting
 + Level 4.3 Transmutations
 + Level 3.0 Ice Magic


You had 7 spell levels left.
You knew the following spells:

 Your Spells              Type           Power      Damage    Failure   Level
a - Beastly Appendage     Tmut           38%        N/A       2%          1
b - Wereblood             Tmut           19%        N/A       3%          2
c - Ice Form              Ice/Tmut       16%        N/A       32%         4

Your spell library contained the following spells:

 Spells                   Type           Power      Damage    Failure   Level
 Spider Form              Tmut/Pois      11%        N/A       19%         3
 Summon Guardian Golem    Hex/Summ       3%         N/A       41%         3
 Orb of Destruction       Conj           1%         9d5       100%        7
 Spellforged Servitor     Conj/Summ      1%         N/A       100%        7


Dungeon Overview and Level Annotations

Branches:
Dungeon (5/15)             Temple (1/1) D:4

Altars:
Cheibriados
Elyvilon
Gozag
Hepliaklqana
Kikubaaqudgha
Makhleb
Nemelex Xobeh
Okawaru
Qazlal
Trog
Uskayaw
Wu Jian
Xom
The Shining One

Portals:
Abyss: D:3

Annotations:
D:3 2 transporters, hollowman's ghost, amateur MiBe


Innate Abilities, Weirdness & Mutations

You are a creature of crystalline ice.
You have a powerful freezing melee attack.
Your maximum health is increased.
Your armour is entirely melded.
You are incapable of wielding weapons or throwing items.
You cannot wear most types of armour.
You are amphibious.
You can wear up to eight rings at the same time.
((Your skin changes colour to match your surroundings (Stealth+).))
((Your rubbery body absorbs attacks. (AC +1, EV +1)))
((You are camouflaged when in or above water. (Stealth+)))
((You have tentacles for arms and can constrict up to eight enemies at once.))


Message History

The killer bee stings you but does no damage.
You hit the killer bee. You freeze the killer bee.
The killer bee is severely wounded.
You feel sick.
The killer bee stings you but does no damage. x3
The killer bee stings you.
You closely miss the killer bee.
The killer bee is severely wounded.
The killer bee closely misses you.
The killer bee stings you but does no damage.
The killer bee stings you.
The killer bee stings you but does no damage.
You hit the killer bee. You freeze the killer bee.
You feel a bit better.
You kill the killer bee!
Cheibriados thoroughly appreciates the change of pace.
You howl as the wereblood boils in your veins!
You feel sick. The killer bee stings you.
You are too injured to fight recklessly!
You are too injured to fight recklessly!
You hit the killer bee but do no damage.
You howl as the wereblood boils in your veins!
You feel sick. The killer bee misses you. The killer bee stings you.
* * * LOW HITPOINT WARNING * * *
The killer bee closely misses you. The killer bee barely misses you.
You punch the killer bee! You freeze the killer bee.
The killer bee is almost dead.
The killer bee stings you.
* * * LOW HITPOINT WARNING * * *
You are more poisoned.
The killer bee poisons you!
The killer bee stings you but does no damage.
The killer bee misses you. The killer bee stings you.
* * * LOW HITPOINT WARNING * * *
You closely miss the killer bee.
The killer bee is almost dead.
* * * LOW HITPOINT WARNING * * *
You feel sick. The killer bee stings you.
* * * LOW HITPOINT WARNING * * *
The killer bee stings you!
You die...

#..#......# ##...#
####......###....#
#.###........##
##..##........#
##...#......####
#........####
#..#..##.# ..
##yy####### ....
#.yyY# .....#.o###
.........#
.........#
....###..# ....
P.... ........?P.
...yy..PP##.
yP?y#.P#ยง .#


You could see 4 killer bees and an orc.

Vanquished Creatures
  Grinder (D:4)
  Sigmund (D:4)
  An ogre (D:3)
  A phantom (D:4)
  A killer bee (D:5)
  A howler monkey (D:5)
  An orc priest (D:3)
  Jessica (D:2)
  Natasha (thrice) (D:4)
  3 iguanas
  2 orc wizards (D:3)
  Robin (D:3)
  5 adders
  3 dart slugs
  7 orcs
  11 endoplasms
  4 giant cockroaches (D:1)
  15 goblins
  8 hobgoblins
  6 jackals
  5 quokkas
  7 ball pythons
  5 bats
  6 frilled lizards
  8 kobolds
  4 rats
111 creatures vanquished.

Vanquished Creatures (others)
  6 fungi (D:3)
  8 plants
14 creatures vanquished.

Grand Total: 125 creatures vanquished

Notes
Turn   | Place    | Note
-------+----------+-------------------------------------------
     0 | D:1      | mandoloar the Octopode Transmuter began the quest for the
                  | Orb.
     0 | D:1      | Reached XP level 1. HP: 13/13 MP: 3/3
   142 | D:1      | Reached XP level 2. HP: 15/18 MP: 3/5
   740 | D:2      | Noticed Jessica
   743 | D:2      | Killed Jessica
   744 | D:2      | Reached XP level 3. HP: 17/24 MP: 4/6
   749 | D:1      | Learned a level 2 spell: Wereblood
   999 | D:2      | Reached XP level 4. HP: 26/29 MP: 5/7
  1759 | D:2      | Learned a level 4 spell: Ice Form
  1845 | D:3      | Found a transporter.
  2583 | D:3      | Found a faded altar of an unknown god.
  2791 | D:3      | Noticed a small abomination
  2995 | D:3      | Reached XP level 5. HP: 25/34 MP: 5/9
  3269 | D:3      | Noticed an ogre
  3278 | D:3      | Killed an ogre
  3279 | D:3      | Reached skill level 1 in Ice Magic
  3404 | D:3      | Noticed Robin
  3412 | D:3      | Killed Robin
  3413 | D:3      | Reached XP level 6. HP: 30/41 MP: 7/10
  3795 | D:3      | Found a stormy altar of Qazlal.
  3866 | D:3      | Found a white marble altar of Elyvilon.
  3874 | D:3      | Found a transporter.
  4283 | D:3      | Found a one-way gate to the infinite horrors of the Abyss.
  4283 | D:3      | Noticed hollowman's ghost (amateur MiBe)
  4638 | D:4      | Found a staircase to the Ecumenical Temple.
  4868 | Temple   | Entered the Ecumenical Temple
  4967 | D:4      | Noticed Natasha
  4977 | D:4      | Killed Natasha
  5262 | D:4      | Noticed Grinder
  5269 | D:4      | Killed Grinder
  5270 | D:4      | Reached XP level 7. HP: 46/46 MP: 2/12
  5365 | D:4      | Noticed Natasha
  5370 | D:4      | Killed Natasha
  5527 | D:4      | Noticed Sigmund
  5940 | D:4      | Noticed Natasha
  5949 | D:4      | Killed Natasha
  6037 | D:4      | Found an ancient bone altar of Kikubaaqudgha.
  6118 | D:4      | Killed Sigmund
  6119 | D:4      | Reached XP level 8. HP: 52/52 MP: 6/13
  6216 | D:4      | Found a burning altar of Makhleb.
  6220 | D:4      | Found a snail-covered altar of Cheibriados.
  6221 | D:4      | Found an opulent altar of Gozag.
  6224 | D:4      | Became a worshipper of Cheibriados the Contemplative
  6502 | D:5      | Entered Level 5 of the Dungeon
  6712 | D:5      | Found a hazy altar of Hepliaklqana.
  6741 | D:5      | HP: 3/64 [killer bee (3)]
  6741 | D:5      | Slain by a killer bee

Illustrated notes

Levels and vault maps discovered:
D:1:      saegor_arrival_simple_d, layout_rooms
D:2:      layout_basic, st_stairs_5, uniq_jessica
D:3:      layout_basic, mainiacjoe_overflow_boulevard, general_overflow_altar,
          gammafunk_ghost_abyssal_escape, dreamdust_ecumenical_altar_grove,
          uniq_robin
D:4:      layout_loops_cross, mainiacjoe_overflow_catwalk, minitemple,
          minmay_temple_entry_trees, uniq_sigmund, uniq_grinder, uniq_natasha
D:5:      layout_cave_pools, nicolae_hepliaklqana_hazy_memory
Temple:   nicolae_temple_great_sept

Skill      XL: |  1  2  3  4  5  6  7  8 |
---------------+-------------------------+-----
Fighting       | 2 3 |  3.7
Dodging        | 3 4 |  4.2
Transmutations | 3 4 |  4.3
Ice Magic      | 1 2 3 |  3.0
Spellcasting   | 3 |  3.9
Unarmed Combat | 4 |  4.9

Action                     |  1- 3 |  4- 6 |  7- 9 || total
---------------------------+-------+-------+-------++-------
  Melee: Unarmed           |    50 |   163 |    63 ||   276
         Constrict         |    14 |    29 |    12 ||    55
         Kick              |    12 |    40 |    17 ||    69
         Tentacles         |     8 |    28 |     8 ||    44
         Punch             |     2 |       |     2 ||     4
  Throw: Stone             |       |     4 |     1 ||     5
   Cast: Beastly Appendage |    10 |    46 |    10 ||    66
         Ice Form          |       |     2 |     5 ||     7
         Wereblood         |       |     2 |     2 ||     4
    Use: Scroll            |     3 |     5 |     1 ||     9
         Potion            |       |     2 |     2 ||     4
   Stab: Sleeping          |     3 |     8 |     1 ||    12
 Armour: Skin              |     7 |    10 |    26 ||    43
  Dodge: Dodged            |    23 |    92 |    58 ||   173

Table legend: (Time is in decaauts)
 A = Elapsed time spent in this place.
 B = Non-inter-level travel time spent in this place.
 C = Inter-level travel time spent in this place.
 D = Time resting spent in this place.
 E = Time spent auto-exploring this place.
 F = Levels seen in this place.
 G = Mean time per level.
                   A        B        C        D        E       F      G
               +--------+--------+--------+--------+--------+-----+--------+
         Total |   6814 |   6324 |    490 |   2668 |   2583 |   6 | 1135.7 |
       Dungeon |   6731 |   6252 |    479 |   2668 |   2521 |   5 | 1346.2 |
        Temple |     82 |     71 |     11 |      0 |     62 |   1 |   82.0 |
               +--------+--------+--------+--------+--------+-----+--------+

Top non-repeatable levels by time:
     D:3: 2632 daAuts
     D:2: 1630 daAuts
     D:4: 1519 daAuts
     D:1: 771 daAuts
     D:5: 178 daAuts
  Temple: 82 daAuts
